 Dungeon Crawl Stone Soup version 0.32-a0-872-g59262bdc9b (webtiles) character file.

Game seed: 6453567384858206074

107325 oldriver the Warrior (level 16, 0/192 (195) HPs)
             Began as an Oni Shapeshifter on Mar 30, 2024.
             Was the Champion of Yredelemnul.
             Killed from afar by a tengu reaver (38 damage)
             ... with a bolt of cold
             ... on level 13 of the Dungeon.
             The game lasted 00:43:07 (29558 turns).

oldriver the Warrior (Oni Shapeshifter)            Turns: 29558, Time: 00:43:08

HP:   0/192 (195)   AC: 22    Str: 28    XL:     16   Next: 46%
MP:   25/25         EV: 22    Int: 11    God:    Yredelemnul [******]
Gold: 1675          SH:  0    Dex:  8    Spells: 15/15 levels left

rFire   . . .        J - +8 giant spiked club (spect)
rCold   . . .        (shield currently unavailable)
rNeg    . . .        S - +3 storm dragon scales
rPois   .            C - +2 hat
rElec   +            c - scarf {repulsion}
rCorr   +            (gloves unavailable)
SInv    .            (boots unavailable)
Will    +....        g - amulet of the acrobat Stlth
                     j - +4 ring of protection
HPRegen 0.52/turn    s - ring of resist corrosion
MPRegen 0.19/turn

%: repel missiles, acrobat
@: marked, acrobatic, wreathed by umbra, lightly drained
A: large, unfitting armour, horns 1, tough skin 1, double potion healing,
drunken brawling
a: Renounce Religion, Light the Black Torch, Recall Undead Harvest, Hurl
Torchlight, Bind Soul, Fathomless Shackles


You were on level 13 of the Dungeon.
You worshipped Yredelemnul.
Yredelemnul was pleased with you.
You visited 4 branches of the dungeon, and saw 21 of its levels.
You also visited: Ice Cave.

You collected 3438 gold pieces.
You spent 1763 gold pieces at shops.

Inventory:

Hand Weapons
 J - a +8 spectral giant spiked club (weapon)
Missiles
 a - 21 large rocks
 v - 25 boomerangs (quivered)
 x - 34 poisoned darts
 y - 87 stones
 N - 6 atropa-tipped darts
Armour
 c - a scarf of repulsion (worn)
 C - a +2 hat (worn)
 S - +3 storm dragon scales (worn)
Jewellery
 g - an amulet of the acrobat (around neck)
 j - a +4 ring of protection (left hand)
 s - a ring of resist corrosion (right hand)
 w - a ring of protection from cold
Wands
 e - a wand of polymorph (8)
 l - a wand of mindburst (7)
 p - a wand of flame (94)
 u - a wand of acid (12)
 B - a wand of warping (10)
Scrolls
 d - a scroll of revelation
 f - 8 scrolls of teleportation
 h - 5 scrolls of identify
 i - 5 scrolls of poison
 n - a scroll of vulnerability
 q - 4 scrolls of blinking
 A - 7 scrolls of fear
 E - a scroll of torment
 I - a scroll of butterflies
 R - 5 scrolls of fog
Potions
 b - 4 potions of lignification
 k - 6 potions of curing
 m - 6 potions of heal wounds
 o - a potion of haste
 r - 2 potions of enlightenment
 t - 3 potions of might
 z - 3 potions of mutation
 D - 5 potions of brilliance
 F - a potion of resistance
 G - 2 potions of cancellation
 H - a potion of ambrosia
 L - 2 potions of berserk rage
 M - 2 potions of magic
 P - a potion of invisibility
Miscellaneous
 K - a tin of tremorstones (2/2)
 T - a lightning rod (4/4)
 U - a box of beasts


   Skills:
 + Level 20.4 Fighting
 + Level 17.1 Maces & Flails
 + Level 9.0 Throwing
 + Level 4.8 Armour
 - Level 8.0 Dodging
 - Level 2.6 Unarmed Combat
 + Level 12.9 Invocations
 - Level 3.0 Evocations
 - Level 3.0 Shapeshifting


You had 15 spell levels left.
You didn't know any spells.
Your spell library contained the following spells:

 Spells                   Type           Power      Damage    Failure   Level
 Apportation              Tloc           0%         N/A       88%         1
 Magic Dart               Conj           0%         1d3       88%         1
 Necrotise                Necr           0%         1d4       88%         1
 Sting                    Conj/Alch      0%         1d3       88%         1
 Summon Small Mammal      Summ           0%         N/A       88%         1
 Blink                    Tloc           0%         N/A       96%         2
 Call Imp                 Summ           0%         N/A       96%         2
 Jinxbite                 Hex            0%         N/A       96%         2
 Static Discharge         Conj/Air       0%         3-3/arc   96%         2
 Call Canine Familiar     Summ           0%         N/A       99%         3
 Vampiric Draining        Necr           0%         2d6       99%         3
 Airstrike                Air            0%         2d(0-16)  100%        4
 Anguish                  Hex/Necr       0%         N/A       100%        4
 Animate Armour           Summ/Erth      0%         N/A       100%        4
 Dispel Undead            Necr           0%         3d6       100%        4
 Ignite Poison            Fire/Alch      0%         N/A       100%        4
 Leda's Liquefaction      Alch/Erth      0%         N/A       100%        4
 Martyr's Knell           Necr/Summ      0%         N/A       100%        4
 Olgreb's Toxic Radiance  Alch           0%         N/A       100%        4
 Petrify                  Alch/Erth      0%         N/A       100%        4
 Sticky Flame             Fire/Alch      0%         2d4       100%        4
 Summon Blazeheart Golem  Fire/Summ      0%         N/A       100%        4
 Summon Lightning Spire   Summ/Air       0%         N/A       100%        4
 Alistair's Intoxication  Alch           0%         N/A       100%        5
 Curse of Agony           Necr           0%         N/A       100%        5
 Lee's Rapid Deconstruct  Erth           0%         3d4*      100%        5
 Metabolic Englaciation   Hex/Ice        0%         N/A       100%        5
 Yara's Violent Unravell  Hex/Alch       0%         3d3       100%        5
 Sculpt Simulacrum        Ice/Alch       0%         N/A       100%        6
 Enfeeble                 Hex            0%         N/A       100%        7
 Ozocubu's Refrigeration  Ice            0%         4d7       100%        7
 Discord                  Hex            0%         N/A       100%        8
 Ignition                 Fire           0%         3d3       100%        8
 Chain Lightning          Conj/Air       0%         N/A       100%        9
 Fire Storm               Conj/Fire      0%         5d1       100%        9
 Shatter                  Erth           0%         3d5*      100%        9


Dungeon Overview and Level Annotations

Branches:
Dungeon (13/15)            Temple (1/1) D:6            Lair (5/5) D:10
  Swamp (0/4) Lair:2        Snake (0/4) Lair:3        Slime (0/5) Lair:5
    Orc (2/2) D:10            Elf (0/3) Orc:2         IceCv (visited)
 Vaults: D:13-14

Altars:
Ashenzari
Cheibriados
Dithmenos
Elyvilon
Fedhas
Gozag
Hepliaklqana
Kikubaaqudgha
Makhleb
Nemelex Xobeh
Okawaru
Qazlal
Ru
Sif Muna
Trog
Uskayaw
Vehumet
Wu Jian
Xom
Yredelemnul
Zin
The Shining One

Shops:
D:3 [   D:7 (   D:8 *   D:10 (   D:12 [   Orc:2 ![!:

Portals:
Pandemonium: Orc:2


Innate Abilities, Weirdness & Mutations

You are too large for most types of armour.
You have a pair of small horns on your head.
You have tough skin. (AC +1)
You gain doubled healing and magic from potions.
Whenever you drink a healing potion, you attack all around you.


Message History

* * * LOW HITPOINT WARNING * * *
The catoblepas gores you.
* * * LOW HITPOINT WARNING * * *
The catoblepas gores you!
* * * LOW HITPOINT WARNING * * *
The catoblepas gores you but does no damage.
The catoblepas breathes a plume of calcifying dust at you.
The blast of calcifying dust hits you but does no damage.
You are engulfed in calcifying dust.
The catoblepas gores you!
* * * LOW HITPOINT WARNING * * *
You are engulfed in calcifying dust.
The catoblepas breathes a plume of calcifying dust at you.
The blast of calcifying dust hits you.
* * * LOW HITPOINT WARNING * * *
You turn to flesh and can move again.
Unknown command.
You impale the catoblepas!!
You kill the catoblepas!
The dead are walking!
You are engulfed in calcifying dust.
You are slowing down.
Your Throwing skill increases to level 9!
Your limbs are stiffening.
You swap places.
You have turned to stone.
The tengu reaver shouts!
The tengu reaver points at you and mumbles some strange words.
The bolt of negative energy hits you but does no damage.
You resist.
You turn to flesh and can move again.
A deep elf annihilator comes into view. It is wielding a staff of cold.
The tengu reaver pulls the alarm!
The alarm trap emits a blaring wail!
A sentinel's mark forms upon you.
You hear a shout!
You hear a deafening roar!
You hear two shouts!
You hear a shout!
You hear a horrible gurgling sound!
The deep elf annihilator casts a spell.
The deep elf annihilator blinks!
The tengu reaver casts a spell at you. The bolt of cold hits you!!!
You die...
Your body rises from the dead as a mindless zombie.

#......###########
#.ยง....##.......)#
#).....##.#####Q#####
#......##.# #..)..#
#####......##.# ###Z#####
#...........#.# #.####.
#)##.#.#Z##.#Z# #)##...
#.##.#.#.##.#.#######....##
#.##.#.#..@..>Z##......###
#<##.#.#.##.#).##Z...###
####.#.#.##.#..Q...###
#...........#..#..(#
#......#.####..##.##
#..#..............#
#..######......#### #..
........# #. ##......#


You could see a tengu reaver (repels missiles, ally target) and a friendly
catoblepas zombie.

Vanquished Creatures
  A reaper (Lair:3)
  A dire elephant (Lair:5)
  An ettin (D:13)
  5 hydras
  An ice dragon (Lair:5)
  5 catoblepae
  2 boulder beetles
  A demonspawn (Orc:2)
  5 centaur warriors
  2 ironbound frosthearts (IceCv)
  An ogre mage (D:10)
  13 death yaks
  Erica (D:9)
  2 two-headed ogres (D:8)
  8 orc high priests (Orc:2)
  Nergalle (Orc:1)
  A sun demon (Orc:2)
  A sixfirhy (Orc:2)
  A skyshark (Lair:2)
  A skeletal warrior (D:10)
  A swamp dragon (Lair:5)
  Pikel (D:5)
  4 orc knights (Orc:2)
  An obsidian bat (Orc:2)
  3 ugly things
  3 deep elf pyromancers
  3 orc sorcerers (Orc:2)
  6 cyclopes
  3 manticores
  6 elephants
  3 kobold blastminers (Orc:1)
  An ice statue (IceCv)
  A torpor snail (Lair:2)
  A guardian serpent (shapeshifter) (D:13)
  5 cane toads
  3 gargoyles
  A black mamba (Lair:4)
  An unseen horror (D:12)
  An unseen horror (shapeshifter) (D:13)
  4 rime drakes
  A tengu conjurer (D:13)
  11 komodo dragons
  An efreet (D:13)
  3 kobold demonologists (D:12)
  A hornet (D:9)
  7 trolls
  13 polar bears
  Grinder (D:3)
  13 dream sheep
  3 slime creatures
  8 blink frogs
  Sigmund (D:3)
  2 vampires
  A wraith (D:13)
  49 yaks
  4 shadows
  9 wyverns
  A fire elemental (Lair:1)
  A human (Lair:3)
  Eustachio (D:5)
  7 basilisks
  A neqoxec (Orc:2)
  5 steam dragons
  3 wargs
  A chaos spawn (Orc:2)
  2 nagas (Lair:3)
  3 acid dragons
  19 water moccasins
  A sky beast (D:7)
  26 orc warriors
  3 black bears
  An ice beast (D:6)
  9 ogres
  19 wolves
  A lemure (D:5)
  5 centaurs
  3 kobold brigands
  11 bullfrogs
  3 gnoll sergeants
  4 scorpions
  9 killer bees
  2 howler monkeys
  5 jellies
  2 bombardier beetles
  22 orc priests
  7 hounds
  3 iguanas
  5 sleepcaps
  Crazy Yiuf (D:5)
  Ijyb (D:3)
  15 orc wizards
  Robin (D:3)
  9 adders
  10 gnolls
  5 white imps
  3 dart slugs
  45 orcs
  2 bats (D:2)
  12 endoplasms
  4 giant cockroaches
  5 hobgoblins
  10 jackals
  17 kobolds
  2 quokkas
  6 ball pythons
  3 frilled lizards (D:3)
  10 goblins
  3 rats (D:2)
583 creatures vanquished.

Vanquished Creatures (collateral kills)
  A demonspawn (Orc:2)
  5 death yaks
  2 skysharks
  A lindwurm (Lair:5)
  2 manticores
  2 black mambas
  3 elephants
  5 cane toads
  A rime drake (Lair:5)
  3 komodo dragons
  3 polar bears
  14 blink frogs
  7 dream sheep
  16 yaks
  3 basilisks
  A wyvern (Lair:3)
  2 steam dragons (Lair:5)
  2 acid dragons (Lair:5)
  10 water moccasins
  An ice beast (shapeshifter) (D:13)
  3 orc warriors (Orc:2)
  2 wolves (IceCv)
  A centaur (D:8)
  A kobold brigand (D:12)
  8 bullfrogs
  5 killer bees
  3 jellies (Lair:5)
  6 orc priests
  2 iguanas (Lair:5)
  5 orc wizards
  A gnoll (D:6)
  An adder (D:6)
  A shadow imp (D:6)
  9 white imps (Lair:3)
  15 orcs
  An endoplasm (Lair:5)
  A kobold (D:12)
149 creatures vanquished.

Vanquished Creatures (others)
  A spectral sixfirhy (Orc:2)
  An ugly thing zombie (IceCv)
  A dire elephant zombie (Lair:5)
  3 centaur zombies
  A spectral sun demon (Orc:2)
  2 catoblepas zombies (Lair:5)
  5 death yak zombies
  An unseen horror zombie (D:13)
  A hydra zombie (Lair:3)
  A guardian serpent zombie (D:13)
  An ice dragon zombie (Lair:5)
  A boulder beetle zombie (D:13)
  A human zombie (IceCv)
  A black mamba zombie (Lair:4)
  A slime creature zombie (D:10)
  A vampire mosquito (D:13)
  4 ogre zombies
  A two-headed ogre zombie (D:8)
  2 cane toad zombies (Lair:5)
  A spectral efreet (D:13)
  A swamp dragon zombie (Lair:5)
  2 manticore zombies
  A lindwurm zombie (Lair:5)
  5 dream sheep zombies
  An elf zombie (D:13)
  2 elephant zombies (Lair:5)
  8 blink frog zombies
  2 rime drake zombies (Lair:5)
  5 komodo dragon zombies
  A spectral chaos spawn (Orc:2)
  A spectral neqoxec (Orc:2)
  2 wyvern zombies
  5 water moccasin zombies
  2 warg zombies (Orc:2)
  A cyclops zombie (D:13)
  3 polar bear zombies
  A tengu zombie (D:13)
  27 yak zombies
  3 wolf zombies
  2 bullfrog zombies
  3 basilisk zombies
  4 killer bee zombies
  4 acid dragon zombies (Lair:5)
  3 steam dragon zombies
  A white imp (D:8)
  An adder zombie (D:6)
  3 jelly zombies (Lair:5)
  A spectral white imp (Lair:3)
  An iguana zombie (Lair:5)
  5 gnoll zombies
  An endoplasm zombie (Lair:5)
  2 kobold zombies
  53 orc zombies
  5 spectral weapons
193 creatures vanquished.

Grand Total: 925 creatures vanquished

Notes
Turn   | Place    | Note
-------+----------+-------------------------------------------
     0 | D:1      | oldriver the Oni Shapeshifter began the quest for the Orb.
     0 | D:1      | Reached XP level 1. HP: 19/19 MP: 1/1
    65 | D:1      | Reached skill level 2 in Fighting
    92 | D:1      | Found a faded altar of an unknown god.
   187 | D:1      | Reached XP level 2. HP: 28/29 MP: 2/2
   250 | D:1      | Reached skill level 3 in Fighting
   940 | D:2      | Reached XP level 3. HP: 37/39 MP: 3/3
  1058 | D:2      | Reached skill level 4 in Fighting
  1061 | D:2      | Reached skill level 1 in Maces & Flails
  1453 | D:3      | Reached XP level 4. HP: 49/49 MP: 4/4
  1505 | D:2      | Reached skill level 5 in Fighting
  1799 | D:4      | Reached XP level 5. HP: 20/57 MP: 5/5
  2163 | D:4      | Reached skill level 6 in Fighting
  2257 | D:3      | Found Olot's Armour Shoppe.
  2323 | D:3      | Noticed Ijyb
  2340 | D:3      | Killed Ijyb
  2490 | D:3      | Identified the +5 orcbow "Myegovix" {flame, rPois Will+
                  | Int-3 Dex+3}
  2570 | D:3      | Noticed Robin
  2608 | D:3      | Reached XP level 6. HP: 68/68 MP: 6/6
  2615 | D:3      | Killed Robin
  2777 | D:3      | Reached skill level 7 in Fighting
  2933 | D:3      | Noticed Sigmund
  2947 | D:3      | Killed Sigmund
  2948 | D:3      | Reached skill level 8 in Fighting
  2948 | D:3      | Reached XP level 7. HP: 77/80 MP: 7/7
  3018 | D:3      | Noticed Grinder
  3036 | D:3      | Paralysed by Grinder for 5 turns
  3041 | D:3      | Killed Grinder
  3042 | D:3      | Reached skill level 9 in Fighting
  3556 | D:4      | Reached XP level 8. HP: 82/93 MP: 8/8
  4230 | D:5      | Entered Level 5 of the Dungeon
  4302 | D:5      | Reached skill level 10 in Fighting
  4302 | D:5      | Reached skill level 5 in Maces & Flails
  4679 | D:5      | Noticed Pikel
  4703 | D:5      | Killed Pikel
  4704 | D:5      | Reached skill level 12 in Fighting
  4704 | D:5      | Reached XP level 9. HP: 34/106 MP: 9/9
  4919 | D:5      | Found a broken altar of Ashenzari.
  5034 | D:5      | Found a runed translucent door.
  5035 | D:5      | Noticed Crazy Yiuf
  5266 | D:5      | Noticed Eustachio
  5271 | D:5      | Killed Eustachio
  5494 | D:5      | You fall into a shaft and drop 2 floors!
  5571 | D:7      | Reached skill level 1 in Throwing
  5776 | D:7      | Found an opulent altar of Gozag.
  5946 | D:7      | Identified the +3 trident "Inkaus" {spect, rPois rC+ Will-
                  | Dex+5}
  5958 | D:7      | Found a sacrificial altar of Ru.
  5958 | D:7      | Found a hide-covered altar of Uskayaw.
  6136 | D:7      | Reached skill level 13 in Fighting
  6142 | D:7      | Found Irur's Antique Weapon Boutique.
  6488 | D:6      | Found a staircase to the Ecumenical Temple.
  6535 | Temple   | Entered the Ecumenical Temple
  6555 | Temple   | Became a worshipper of Yredelemnul the Fallen
  6850 | D:5      | Killed Crazy Yiuf
  7305 | D:6      | HP: 3/111 [gnoll sergeant/+0 trident (16)]
  7333 | D:6      | Reached XP level 10. HP: 53/120 MP: 10/10
  7649 | D:6      | Found a snail-covered altar of Cheibriados.
  7704 | D:6      | Found a shimmering blue altar of Sif Muna.
  7710 | D:6      | Found a bloodstained altar of Trog.
  7714 | D:6      | Found a blossoming altar of Fedhas.
  7792 | D:6      | Reached skill level 14 in Fighting
  8411 | D:7      | Bought a glowing giant spiked club for 161 gold pieces
  8738 | D:8      | Found a shadowy altar of Dithmenos.
  8740 | D:8      | Noticed a two-headed ogre
  8749 | D:8      | Killed a two-headed ogre
  9222 | D:8      | Found Umpixim's Assorted Antiques.
  9232 | D:8      | Bought a scroll labelled JULOLU TEWA for 29 gold pieces
  9354 | D:8      | Reached * piety under Yredelemnul
  9540 | D:8      | Noticed a two-headed ogre
  9552 | D:8      | Killed a two-headed ogre
  9699 | D:8      | Noticed a centaur warrior
  9706 | D:8      | Killed a centaur warrior
  9966 | D:8      | Noticed a centaur warrior
  9975 | D:8      | Killed a centaur warrior
  9976 | D:8      | Reached skill level 15 in Fighting
  9976 | D:8      | Reached XP level 11. HP: 67/132 MP: 11/11
  9978 | D:8      | Reached skill level 10 in Maces & Flails
  9992 | D:8      | Noticed a boulder beetle
 10202 | D:8      | Killed a boulder beetle
 10723 | D:9      | Reached skill level 1 in Invocations
 10781 | D:9      | Noticed Erica
 10785 | D:9      | Killed Erica
 10822 | D:9      | Paralysed by a hornet for 3 turns
 11621 | D:10     | Entered Level 10 of the Dungeon
 11630 | D:10     | Reached ** piety under Yredelemnul
 11670 | D:10     | Reached skill level 16 in Fighting
 11997 | D:10     | Noticed a catoblepas
 11997 | D:10     | Noticed a skeletal warrior
 11997 | D:10     | Noticed a centaur warrior
 12006 | D:10     | Noticed a cyclops
 12480 | D:10     | Found a staircase to the Orcish Mines.
 12513 | D:10     | Noticed a manticore
 12516 | D:10     | Noticed a centaur warrior
 12531 | D:10     | Killed a centaur warrior
 12538 | D:10     | Killed a manticore
 12539 | D:10     | Reached XP level 12. HP: 94/144 MP: 15/15
 12657 | D:10     | Noticed an ogre mage
 12664 | D:10     | Noticed a seven-headed hydra
 12672 | D:10     | Killed a seven-headed hydra
 12673 | D:10     | Reached skill level 5 in Invocations
 12674 | D:10     | Killed an ogre mage
 13359 | D:10     | Reached skill level 5 in Throwing
 13444 | D:10     | Killed a centaur warrior
 13447 | D:10     | Found a staircase to the Lair.
 13663 | D:10     | Killed a catoblepas
 13783 | D:10     | Found Gonlon's Weapon Shoppe.
 13895 | Lair:1   | Entered Level 1 of the Lair of Beasts
 13913 | Lair:1   | Reached skill level 17 in Fighting
 14204 | Lair:1   | Reached XP level 13. HP: 131/156 MP: 18/18
 14546 | Lair:1   | Reached *** piety under Yredelemnul
 15349 | Lair:2   | Reached skill level 18 in Fighting
 15550 | Lair:2   | Found a staircase to the Swamp.
 15612 | Lair:2   | Reached **** piety under Yredelemnul
 15613 | Lair:2   | Reached skill level 1 in Armour
 16309 | Lair:3   | Reached XP level 14. HP: 53/170 MP: 21/21
 16324 | Lair:3   | Found a frozen archway.
 16373 | Lair:3   | Reached ***** piety under Yredelemnul
 16729 | IceCv    | Entered an ice cave
 16884 | IceCv    | Reached skill level 5 in Dodging
 16884 | IceCv    | Reached skill level 10 in Invocations
 17328 | IceCv    | Identified the +0 scale mail of Iffoxz Vueck {rC+ Str+4}
 17632 | IceCv    | Reached skill level 15 in Maces & Flails
 18030 | Lair:3   | Found a staircase to the Snake Pit.
 18394 | Lair:3   | Found a runed translucent door.
 18395 | Lair:3   | Noticed a reaper
 18737 | Lair:3   | Killed a reaper
 18959 | Lair:4   | Reached skill level 19 in Fighting
 19873 | Lair:5   | Entered Level 5 of the Lair of Beasts
 19905 | Lair:5   | Reached XP level 15. HP: 105/180 MP: 23/23
 20237 | Lair:5   | Found a staircase to the Slime Pits.
 20540 | Lair:5   | Identified the +6 orcbow "Zeus" {speed, +Blink rPois rF-
                  | Will+}
 20770 | Lair:5   | Reached ****** piety under Yredelemnul
 23713 | Lair:5   | Got the Opusculum on the Unholy Crevasse
 24044 | D:3      | Bought +0 storm dragon scales for 880 gold pieces
 24221 | D:10     | Identified a scroll of acquirement
 24221 | D:10     | Acquired 1233 gold pieces
 24917 | D:12     | Found a stormy altar of Qazlal.
 25317 | D:12     | Reached skill level 1 in Evocations
 25466 | D:12     | Found a transporter.
 25466 | D:12     | Found Raen's Armour Shoppe.
 25584 | D:12     | Found a transporter.
 25636 | D:13     | Noticed a tengu reaver
 25639 | D:13     | Noticed a tengu reaver
 26030 | Orc:1    | Entered Level 1 of the Orcish Mines
 26035 | Orc:1    | Noticed Nergalle
 26043 | Orc:1    | Killed Nergalle
 26044 | Orc:1    | Reached skill level 20 in Fighting
 26465 | Orc:2    | Entered Level 2 of the Orcish Mines
 26596 | Orc:2    | Found a staircase to the Elven Halls.
 26620 | Orc:2    | Reached XP level 16. HP: 192/192 MP: 25/25
 26992 | Orc:2    | Found Deor's Distillery.
 26994 | Orc:2    | Found Ysmaxaxu's Distillery.
 27120 | Orc:2    | Bought a potion of heal wounds for 55 gold pieces
 27120 | Orc:2    | Bought a potion of cancellation for 88 gold pieces
 27120 | Orc:2    | Bought a potion of curing for 33 gold pieces
 27120 | Orc:2    | Bought a potion of cancellation for 88 gold pieces
 27120 | Orc:2    | Bought 2 potions of mutation for 176 gold pieces
 27122 | Orc:2    | Bought a potion of ambrosia for 88 gold pieces
 27122 | Orc:2    | Bought a potion of heal wounds for 55 gold pieces
 27122 | Orc:2    | Bought a potion of heal wounds for 55 gold pieces
 27122 | Orc:2    | Bought a potion of heal wounds for 55 gold pieces
 28933 | Orc:2    | Found Hauteet's Antique Armour Shoppe.
 28933 | Orc:2    | Found Bafotidi's Book Emporium.
 28934 | Orc:2    | Found a one-way gate leading to the halls of Pandemonium.
 29353 | D:12     | Identified the +6 chain mail of Parlour Games {Will+ Int+5}
 29553 | D:13     | Identified the ring of Sloth {rC+ rN+++ Will- AC+4}
 29558 | D:13     | Killed from afar by a tengu reaver

Illustrated notes

Levels and vault maps discovered:
D:1:      tarquinn_simple_flora_water_b, layout_loops_corners,
          hellmonk_ecumenical_altar_blasted
D:2:      layout_rooms
D:3:      layout_basic, serial_shops, shop, minivault_25, st_stairs_11,
          grunt_decor_clamped, grunt_decor_fettered, uniq_ijyb, uniq_grinder,
          uniq_robin, uniq_sigmund
D:4:      layout_cave_pods
D:5:      layout_loops_cross, ashenzari_altar_1, grunt_decor_resistance,
          kennysheep_nondescript, uniq_pikel, uniq_eustachio,
          uniq_crazy_yiuf_cottage
D:6:      layout_gridville, mainiacjoe_overflow_tiny_flanked, minitemple,
          minmay_temple_entry_hall, serial_glass, glass_columns_a,
          glass_columns_b
D:7:      layout_basic, lemuel_doored_altar,
          chequers_temple_overflow_statue_of_worship, serial_shops, shop,
          kb_lookout_dungeons_type
D:8:      nzn_winding_woodlands_small [nzn_winding_woodlands_5x15_crooked,
          nzn_winding_woodlands_center_lodge,
          nzn_winding_woodlands_5x15_parted], layout_loops_cross,
          nicolae_dithmenos_the_darkroom, serial_shops, shop
D:9:      layout_irregular_city, serial_column_ruins, column_ruins_hut,
          column_ruins_hut, column_ruins_open_small, column_ruins_grid_4,
          column_ruins_grid_3, column_ruins_grid_1,
          column_ruins_columns_straight, uniq_erica
D:10:     layout_roguey, grunt_lair_entry_orc_guard_hut, orc_0_dummy,
          serial_shops, nicolae_shop_trees, minivault_28
D:11:     layout_big_octagon
D:12:     layout_small_grid, serial_shops, nicolae_shop_drivethru,
          nicolae_qazlal_style_of_elements
D:13:     minmay_complete_graph, layout_basic
Temple:   nicolae_temple_god_jail
Lair:1:   layout_loops_ring, amcnicky_mini_pool_medium, grunt_megastairs_4,
          serial_bayou_shore_b
Lair:2:   layout_concentric_octagons, swamp_mist, beast_lair_carwin_7,
          grunt_megastairs_3
Lair:3:   layout_misc_corridors, guppyfry_snake_entry_island,
          portal_ice_cave_entry_imps, pdpol_lair_cabin_in_the_woods,
          infiniplex_staircase_pool
Lair:4:   layout_regular_city, lookout_lair_type, grunt_megastairs_1
Lair:5:   guppyfry_lair_end_dragon, layout_gridlike, hangedman_lair_in_review,
          nicolae_slime_entry_slimehenge
Orc:1:    layout_caves, uniq_nergalle
Orc:2:    pf_orc_diabolical, layout_caves

Skill      XL: |  1  2  3  4  5  6  7  8  9 10 11 12 13 14 15 16 |
---------------+-------------------------------------------------+-----
Fighting       | 2 3 4 5 6 8 9 12 13 15 16 17 18 19 20 | 20.4
Maces & Flails | 1 2 3 4 6 7 9 12 13 14 15 16 17 | 17.1
Dodging        | 3 4 6 7 8 |  8.0
Throwing       | 2 4 6 8 9 |  9.0
Invocations    | 4 7 9 11 12 | 12.9
Armour         | 1 3 4 |  4.8
Evocations     | 1 3 |  3.0
Unarmed Combat | |  2.6
Shapeshifting  | |  3.0

Action                     |  1- 3 |  4- 6 |  7- 9 | 10-12 | 13-15 | 16-18 || total
---------------------------+-------+-------+-------+-------+-------+-------++-------
  Melee: Unarmed           |    33 |       |       |       |       |       ||    33
         Headbutt          |    11 |    25 |    60 |    53 |   125 |    27 ||   301
         Whip              |    52 |   144 |   316 |    62 |       |       ||   574
         Giant spiked club |       |       |       |   227 |   575 |   190 ||   992
  Throw: Boomerang         |       |       |       |       |     2 |       ||     2
 Invoke: Light the Black T |       |       |     2 |     5 |    10 |       ||    17
         Hurl Torchlight   |       |       |       |       |       |     1 ||     1
Ability: Begin Untransform |       |       |       |     1 |       |       ||     1
  Evoke: Wand              |       |       |     4 |       |     1 |       ||     5
    Use: Potion            |       |     1 |     2 |       |     1 |     2 ||     6
         Scroll            |       |       |       |    21 |    15 |     2 ||    38
   Stab: Distracted        |       |       |     1 |     2 |     1 |     3 ||     7
         Sleeping          |       |       |       |     1 |       |       ||     1
         Petrified         |       |       |       |       |     4 |       ||     4
 Armour: Animal skin       |    43 |    77 |   228 |   298 |   419 |       ||  1065
         Skin              |       |    19 |       |       |       |       ||    19
         Storm dragon scal |       |       |       |       |    91 |   259 ||   350
  Dodge: Dodged            |    59 |    58 |   155 |   193 |   387 |   137 ||   989
         Repelled          |       |       |       |     1 |    18 |     6 ||    25

Table legend: (Time is in decaauts)
 A = Elapsed time spent in this place.
 B = Non-inter-level travel time spent in this place.
 C = Inter-level travel time spent in this place.
 D = Time resting spent in this place.
 E = Time spent auto-exploring this place.
 F = Levels seen in this place.
 G = Mean time per level.
                   A        B        C        D        E       F      G
               +--------+--------+--------+--------+--------+-----+--------+
         Total |  29576 |  28053 |   1523 |   7123 |  15584 |  22 | 1344.4 |
       Dungeon |  16508 |  15360 |   1148 |   3257 |   9298 |  13 | 1269.8 |
        Temple |     38 |      1 |     37 |      0 |      0 |   1 |   38.0 |
          Lair |   8894 |   8653 |    241 |   2458 |   4487 |   5 | 1778.8 |
  Orcish Mines |   2986 |   2890 |     96 |   1117 |   1201 |   2 | 1493.0 |
      Ice Cave |   1148 |   1148 |      0 |    291 |    598 |   1 | 1148.0 |
               +--------+--------+--------+--------+--------+-----+--------+

Top non-repeatable levels by time:
  Lair:5: 3959 daAuts
   Orc:2: 2543 daAuts
    D:10: 2006 daAuts
     D:8: 1778 daAuts
     D:5: 1650 daAuts
     D:6: 1629 daAuts
     D:7: 1541 daAuts
  Lair:3: 1533 daAuts
     D:3: 1431 daAuts
     D:9: 1322 daAuts
  Lair:2: 1256 daAuts
    D:12: 1251 daAuts
     D:4: 1213 daAuts
  Lair:1: 1188 daAuts
   IceCv: 1148 daAuts
